 Dungeon Crawl Stone Soup version 0.28-a0-1167-g616b1c6417 (webtiles) character file.

Game seed: 17502600038947087524

231 BinkBink the Ducker (level 5, 0/58 (61) HPs)
             Began as a Demonspawn Monk on Dec 16, 2021.
             Was an Elder of Fedhas.
             Slain by a scorpion (4 damage)
             ... on level 5 of the Dungeon.
             The game lasted 00:06:14 (5051 turns).

BinkBink the Ducker (Demonspawn Monk)               Turns: 5051, Time: 00:06:16

HP:   0/58 (61)     AC: 22    Str: 11    XL:     5   Next: 72%
MP:   5/5           EV:  2    Int: 12    God:    Fedhas [****..]
Gold: 147           SH:  0    Dex: 17    Spells: 4/4 levels left

rFire   + . .      SeeInvis .   a - +0 short sword
rCold   + . .      Faith    .   (no shield)
rNeg    . . .      Spirit   .   (armour currently unavailable)
rPois   +          Reflect  .   (helmet currently unavailable)
rElec   +          Harm     .   (cloak currently unavailable)
rCorr   +          Rampage  .   (gloves currently unavailable)
Will    .....      NoTele   +   (boots currently unavailable)
Stlth   ++........              (no amulet)
HPRegen 0.19/turn               (no ring)
MPRegen 0.09/turn               (no ring)

@: tree-form, resistant, lightly drained, unable to read
A: stationary, stasis, torment immunity, boosted hp, repulsion field 2, powered
by pain 1, (large bone plates 1), inability to read while threatened
a: Renounce Religion, Wall of Briars, Grow Ballistomycete, Overgrow


You were on level 5 of the Dungeon.
You worshipped Fedhas.
Fedhas was greatly pleased with you.
You were a tree.
You visited 1 branch of the dungeon, and saw 6 of its levels.

You collected 147 gold pieces.

Inventory:

Hand Weapons
 a - a +0 short sword (weapon)
Armour
 b - a +0 robe (melded)
 e - a +2 chain mail of cold resistance
 k - a +0 plate armour
Scrolls
 d - a scroll of enchant armour {unknown}
 f - a scroll of enchant weapon {unknown}
 g - a scroll of identify
 i - a scroll of fog {unknown}
 l - a scroll of teleportation
 o - a scroll of vulnerability {unknown}
 p - a scroll of acquirement {unknown}
Potions
 j - a potion of lignification


   Skills:
 - Level 3.0 Fighting
 + Level 4.5 Short Blades
 + Level 4.6 Dodging
 - Level 1.7 Stealth


You had 4 spell levels left.
You didn't know any spells.
Your spell library was empty.

Dungeon Overview and Level Annotations

Branches:
Dungeon (6/15)
 Temple: D:4-7

Altars:
Fedhas
Yredelemnul

Annotations:
D:6 Edmund


Innate Abilities, Weirdness & Mutations

You are a tree.
Your roots penetrate the ground, keeping you stationary.
You cannot be teleported.
You are immune to unholy pain and torment.
Your maximum health is greatly increased.
Your equipment is partially melded.
You are surrounded by a moderate repulsion field. (EV +3)
You sometimes gain a little power by taking damage.
((You are partially covered in large bone plates. (SH +4)))
You sometimes lose the ability to read scrolls when taking damage.


Message History

The scorpion stings you but does no damage.
You closely miss the sky beast.
The sky beast is severely wounded.
The scorpion stings you but does no damage.
The sky beast hits you but does no damage.
You hit the scorpion but do no damage.
The scorpion is moderately wounded.
The scorpion stings you but does no damage.
The sky beast hits you but does no damage.
The scorpion stings you but does no damage.
You hit the sky beast.
The sky beast is severely wounded.
The sky beast hits you.
* * * LOW HITPOINT WARNING * * *
The sky beast shocks you.
You feel threatened and lose the ability to read scrolls!
* * * LOW HITPOINT WARNING * * *
The scorpion stings you but does no damage.
It was a potion of resistance.
You feel protected.
The sky beast hits you but does no damage.
The scorpion stings you but does no damage.
You hit the sky beast.
The sky beast is almost dead.
The sky beast hits you but does no damage.
The scorpion stings you but does no damage.
You closely miss the sky beast.
The sky beast is almost dead.
The scorpion stings you but does no damage.
The sky beast hits you.
* * * LOW HITPOINT WARNING * * *
The sky beast shocks you. You resist.
* * * LOW HITPOINT WARNING * * *
You miss the sky beast.
The sky beast is almost dead.
You can read scrolls again.
The scorpion stings you.
You feel threatened and lose the ability to read scrolls!
You die...
Fedhas appreciates your contribution to the ecosystem. (.##.###### ......Y♣s.# ..##.####.# #

You could see a sky beast and a scorpion.

Vanquished Creatures
  2 hounds
  4 gnolls
  5 adders
  A worm (D:3)
  4 dart slugs
  An orc (D:3)
  6 bats
  11 endoplasms
  3 giant cockroaches (D:2)
  11 goblins
  5 hobgoblins
  3 kobolds
  2 quokkas
  9 ball pythons
  3 frilled lizards
  9 rats
79 creatures vanquished.

Notes
Turn   | Place    | Note
-------+----------+-------------------------------------------
     0 | D:1      | BinkBink the Demonspawn Monk began the quest for the Orb.
     0 | D:1      | Reached XP level 1. HP: 18/18 MP: 1/1
   109 | D:1      | Gained mutation: You are surrounded by a mild repulsion
                  | field. (EV +2) [demonic ancestry]
   109 | D:1      | Reached XP level 2. HP: 24/24 MP: 2/2
  1061 | D:2      | Gained mutation: You sometimes gain a little power by
                  | taking damage. [demonic ancestry]
  1061 | D:2      | Reached XP level 3. HP: 29/29 MP: 3/3
  1337 | D:2      | Found a faded altar of an unknown god.
  1361 | D:2      | Prayed at the altar of an unknown god.
  1361 | D:2      | Became a worshipper of Fedhas Madash
  1361 | D:2      | Reached * piety under Fedhas
  1361 | D:2      | Reached ** piety under Fedhas
  1940 | D:2      | Reached *** piety under Fedhas
  2004 | D:2      | Reached XP level 4. HP: 35/35 MP: 4/4
  2491 | D:3      | Found a basalt altar of Yredelemnul.
  3044 | D:3      | Gained mutation: You are surrounded by a moderate repulsion
                  | field. (EV +3) [demonic ancestry]
  3044 | D:3      | Reached XP level 5. HP: 32/41 MP: 5/5
  4751 | D:4      | Noticed an ice beast
  4868 | D:4      | Reached **** piety under Fedhas
  4967 | D:4      | You fall into a shaft and drop 2 floors!
  4968 | D:6      | Noticed Edmund
  4979 | D:6      | Gained mutation: You sometimes lose the ability to read
                  | scrolls when taking damage. [potion of mutation]
  4979 | D:6      | Gained mutation: You are partially covered in large bone
                  | plates. (SH +4) [potion of mutation]
  4982 | D:6      | Noticed a black bear
  4987 | D:6      | Noticed a necrophage
  5003 | D:6      | Noticed an ogre
  5033 | D:5      | Entered Level 5 of the Dungeon
  5033 | D:5      | Noticed a sky beast
  5051 | D:5      | Slain by a scorpion

Illustrated notes

Levels and vault maps discovered:
D:1:      dpeg_arrival_refuge, layout_rooms
D:2:      layout_loops_corners, ebering_ecumenical_altar_hall
D:3:      layout_basic, mainiacjoe_overflow_six_doors_small,
          minmay_randomly_rotated_circles
D:4:      layout_cave_pools, gammafunk_ghost_icy
D:5:      layout_loops_ring, mainiacjoe_overflow_alcove_1,
          minmay_temple_entry_proselytizer, portal_sewer_entry_b,
          hangedman_decor_points, uniq_pikel, uniq_sigmund, uniq_menkaure
D:6:      layout_basic, uniq_edmund, uniq_grinder

Skill      XL: |  1  2  3  4 |
---------------+-------------+-----
Short Blades   | 3 4 |  4.5
Dodging        | 3 4 |  4.6
Fighting       | |  3.0
Stealth        | |  1.7

Action                   |  1- 3 |  4- 6 || total
-------------------------+-------+-------++-------
Melee: Short sword       |   154 |   214 ||   368
  Use: Potion            |       |     5 ||     5
       Scroll            |       |     2 ||     2
 Stab: Sleeping          |     8 |     3 ||    11
       Distracted        |       |     1 ||     1
Armor: Robe              |    22 |    17 ||    39
       Skin              |       |    25 ||    25
Dodge: Dodged            |   116 |   176 ||   292
Block: Other             |       |     2 ||     2

Table legend: (Time is in decaauts)
 A = Elapsed time spent in this place.
 B = Non-inter-level travel time spent in this place.
 C = Inter-level travel time spent in this place.
 D = Time resting spent in this place.
 E = Time spent auto-exploring this place.
 F = Levels seen in this place.
 G = Mean time per level.
                   A        B        C        D        E       F      G
               +--------+--------+--------+--------+--------+-----+--------+
         Total |   5019 |   4902 |    117 |      0 |   4056 |   6 |  836.5 |
       Dungeon |   5019 |   4902 |    117 |      0 |   4056 |   6 |  836.5 |
               +--------+--------+--------+--------+--------+-----+--------+

Top non-repeatable levels by time:
     D:3: 2131 daAuts
     D:2: 1579 daAuts
     D:1: 1043 daAuts
     D:4: 184 daAuts
     D:6: 65 daAuts
     D:5: 16 daAuts
